 Dungeon Crawl Stone Soup version 0.31-a0-256-g80acddb972 (webtiles) character file.

Game seed: 12103250693560735440

101 Esmoo the Trooper (level 4, -4/40 HPs)
             Began as a Draconian Berserker on July 13, 2023.
             Was a Believer of Trog.
             Slain by Grinder (6 damage)
             ... while paralysed by Grinder
             ... on level 3 of the Dungeon.
             The game lasted 00:07:39 (2326 turns).

Esmoo the Trooper (Draconian Berserker)             Turns: 2326, Time: 00:07:39

Health: -4/40      AC:  5    Str: 19 (21) XL:     4   Next: 48%
Magic:  4/4        EV:  2    Int:  7 (8)  God:    Trog [**....]
Gold:   102        SH:  0    Dex:  8 (10) Spells: 3/3 levels left

rFire   . . .        a - +0 spear
rCold   + + .        (no shield)
rNeg    . . .        (body armour unavailable)
rPois   .            (helmet restricted)
rElec   .            (no cloak)
rCorr   .            (no gloves)
SInv    .            (no boots)
Will    .....        f - amulet of the Duke {Acrobat +Blink rC++}
Stlth   +            (no ring)
HPRegen 0.26/turn    (no ring)
MPRegen 0.09/turn

%: acrobat
@: paralysed, attractive
A: AC +5, unfitting armour, cold-blooded
a: Renounce Religion, Evoke Blink, Berserk, Trog's Hand


You were on level 3 of the Dungeon.
You worshipped Trog.
Trog was pleased with you.
You visited 1 branch of the dungeon, and saw 3 of its levels.

You collected 102 gold pieces.

Inventory:

Hand Weapons
 a - a +0 spear (weapon)
Armour
 b - a +0 leather armour
 c - a +0 chain mail
Jewellery
 f - the amulet of the Duke (around neck) {Acrobat +Blink rC++}
   (You found it on level 3 of the Dungeon)

   [amulet of the acrobat]

   It increases your evasion while moving and waiting.
   rC:        It greatly protects you from cold.
   +Blink:    It lets you blink.


   Skills:
 + Level 4.0 Fighting
 + Level 4.0 Polearms
 + Level 3.5 Dodging
 + Level 0.6 Stealth


You had 3 spell levels left.
You didn't know any spells.
Your spell library contained the following spells:

 Spells                   Type           Power      Damage    Failure   Level
 Blink                    Tloc           0%         N/A       56%         2
 Lesser Beckoning         Tloc           0%         N/A       56%         2
 Momentum Strike          Conj/Tloc      0%         3d8       56%         2


Dungeon Overview and Level Annotations

Branches:
Dungeon (3/15)

Altars:

Annotations:
D:3 Grinder


Innate Abilities, Weirdness & Mutations

Your plain brown scales are hard. (AC +5)
You cannot fit into any form of body armour.
You are cold-blooded and may be slowed by cold attacks.


Message History

You kill the adder!
Trog accepts your kill.
Grinder blinks!
Your Polearms skill increases to level 4!
There is an open door here.
You see here an adder corpse.
Grinder is nearby!
You feel better.
Grinder is nearby!
It was a potion of attraction.
You feel attractive to monsters. Grinder gestures at you.
You barely resist. Grinder is attracted toward you.
It was a potion of degeneration.
There was something very wrong with that liquid.
You feel weakened.
You feel dopey.
You feel clumsy. Grinder hits you but does no damage.
As you read the scroll labelled NAHUIF DOQORAN, it crumbles to dust.
It is a scroll of identify.
You don't currently have any unidentified items.
Grinder hits you but does no damage.
You hit Grinder but do no damage.
You tail-slap Grinder, but do no damage.
Grinder is moderately wounded.
You hit Grinder.
Your tail-slap misses Grinder.
Grinder is moderately wounded.
Grinder hits you!
* * * LOW HITPOINT WARNING * * *
You writhe in agony.
* * * LOW HITPOINT WARNING * * *
You hit Grinder.
Your tail-slap misses Grinder.
Grinder is heavily wounded.
Grinder hits you but does no damage.
You hit Grinder but do no damage.
You tail-slap Grinder, but do no damage.
Grinder is heavily wounded.
Grinder gestures at you.
You suddenly lose the ability to move!
Grinder hits you.
You die...

#.# #.#.. ...
#.#.#'# #..#
#.#.#.# #..#
#.#.#.#######
#..#
#........... .#
#..#
#.#.#.####.##..#
...#.#.#..#....
###.#)#.#....#
..#...##@##
###....5..#
+.......#
#.......#
.....######
#.....# #....>+
#.....# ...#+#


You could see Grinder.

Vanquished Creatures
  4 adders
  A worm (D:2)
  A dart slug (D:1)
  5 endoplasms
  4 giant cockroaches
  4 goblins
  11 hobgoblins
  4 jackals (D:2)
  3 quokkas
  3 ball pythons
  2 bats
  2 frilled lizards
  7 kobolds
  2 rats (D:2)
53 creatures vanquished.

Notes
Turn   | Place    | Note
-------+----------+-------------------------------------------
     0 | D:1      | Esmoo the Draconian Berserker began the quest for the Orb.
     0 | D:1      | Reached XP level 1. HP: 19/19 MP: 1/1
   231 | D:1      | Reached XP level 2. HP: 26/26 MP: 2/2
   382 | D:1      | Found a faded altar of an unknown god.
   639 | D:1      | Reached XP level 3. HP: 29/33 MP: 3/3
  1051 | D:2      | Reached ** piety under Trog
  1818 | D:3      | Reached XP level 4. HP: 40/40 MP: 4/4
  2170 | D:3      | Identified the amulet of the Duke {Acrobat +Blink rC++}
  2306 | D:3      | Noticed Grinder
  2323 | D:3      | HP: 2/40 [Grinder (2)]
  2325 | D:3      | Paralysed by Grinder for 2 turns
  2326 | D:3      | Slain by Grinder

Illustrated notes

Levels and vault maps discovered:
D:1:      nzn_arrival_depleted_hourglass, layout_loops_ring,
          hellmonk_ecumenical_altar_leap_of_faith
D:2:      layout_basic
D:3:      wad_lake_hut, layout_basic, dk_noncrumbling_2,
          kennysheep_generic_room_13, uniq_grinder, uniq_crazy_yiuf_cottage,
          uniq_robin

Skill      XL: |  1  2  3  4 |
---------------+-------------+-----
Dodging        | 3 |  3.5
Fighting       | 4 |  4.0
Polearms       | 4 |  4.0
Stealth        | |  0.6

Action                     |  1- 3 |  4- 6 || total
---------------------------+-------+-------++-------
  Melee: Spear             |   164 |    59 ||   223
         Tailslap          |    16 |     7 ||    23
    Use: Scroll            |     2 |     1 ||     3
         Potion            |       |     4 ||     4
 Armour: Skin              |    37 |    14 ||    51
  Dodge: Dodged            |   106 |    34 ||   140

Table legend: (Time is in decaauts)
 A = Elapsed time spent in this place.
 B = Non-inter-level travel time spent in this place.
 C = Inter-level travel time spent in this place.
 D = Time resting spent in this place.
 E = Time spent auto-exploring this place.
 F = Levels seen in this place.
 G = Mean time per level.
                   A        B        C        D        E       F      G
               +--------+--------+--------+--------+--------+-----+--------+
         Total |   2312 |   1592 |    720 |      0 |   1144 |   3 |  770.7 |
       Dungeon |   2312 |   1592 |    720 |      0 |   1144 |   3 |  770.7 |
               +--------+--------+--------+--------+--------+-----+--------+

Top non-repeatable levels by time:
     D:1: 1027 daAuts
     D:2: 698 daAuts
     D:3: 586 daAuts
